 Dungeon Crawl Stone Soup version 0.31-a0-799-g6bc09d010c (webtiles) character file.

Game seed: 8790224628547895182

26719 demibob the Impaler (level 13, -9/105 HPs)
             Began as a Merfolk Chaos Knight on Sept 19, 2023.
             Was a Plaything of Xom.
             Mangled by a black mamba simulacrum (19 damage)
             ... on level 2 of the Lair of Beasts.
             The game lasted 00:23:44 (12277 turns).

demibob the Impaler (Merfolk Chaos Knight)         Turns: 12277, Time: 00:23:46

Health: -9/105     AC:  6    Str: 16    XL:     13   Next: 27%
Magic:  20/20      EV: 26    Int: 14    God:    Xom [..*...]
Gold:   742        SH: 11    Dex: 21    Spells: 12/12 levels left

rFire   . . .        a - +2 glaive (vamp)
rCold   . . .        (shield currently unavailable)
rNeg    . . .        z - +0 steam dragon scales
rPois   +            (helmet restricted)
rElec   +            (no cloak)
rCorr   .            k - +0 pair of gloves
SInv    +            A - +0 pair of boots
Will    .....        D - amulet of the Mashing Gods {Reflect Fly rElec Dex+3 SH+5}
Stlth   +++          v - ring of see invisible
HPRegen 0.37/turn    M - ring of magical power
MPRegen 0.17/turn

%: reflection, clarity
@: flying
A: (nimble swimmer 2), mertail, horns 2, iridescent scales 1, large bone plates
2, thin skeletal structure 1, clarity, clever 1, deformed body, low MP 1,
mutation resistance 1, sense surroundings 1, poison resistance, robust 1,
screaming 1, electricity resistance, strong 1
a: Renounce Religion


You were on level 2 of the Lair of Beasts.
You worshipped Xom.
You were a toy of Xom.
You visited 3 branches of the dungeon, and saw 13 of its levels.
You also visited: Sewer and Ossuary.

You collected 742 gold pieces.


Innate Abilities, Weirdness & Mutations

((You are very nimble when in or above water. (Stealth+, EV+, Speed+++)))
Your lower body shifts to a powerful aquatic tail in water.
You have a pair of horns on your head.
You are partially covered in iridescent scales. (AC +2)
You are mostly covered in large bone plates. (SH +6)
You have a somewhat thin skeletal structure. (Dex +2, Stealth+)
You possess an exceptional clarity of mind.
Your mind is acute. (Int +4, Str/Dex -1)
Armour fits poorly on your strangely shaped body.
Your magical capacity is low. (-10% MP)
You are somewhat resistant to further mutation.
You passively map a small area around you.
Your system is resistant to poisons. (rPois)
You are robust. (+10% HP)
You occasionally shout uncontrollably at your foes.
You are resistant to electric shocks. (rElec)
Your muscles are strong. (Str +4, Int/Dex -1)


   Skills:
 + Level 7.1 Fighting
 - Level 20.0 Polearms
 - Level 0.6 Armour
 + Level 17.5 Dodging
 + Level 5.5 Evocations


You had 12 spell levels left.
You didn't know any spells.
Your spell library contained the following spells:

 Spells                   Type           Power      Damage    Failure   Level
 Kiss of Death            Conj/Necr      0%         2d5       28%         1
 Shock                    Conj/Air       0%         1d3       28%         1
 Cigotuvi's Dreadful Rot  Necr/Pois/Air  0%         N/A       41%         2
 Lesser Beckoning         Tloc           0%         N/A       41%         2
 Confusing Touch          Hex            0%         N/A       65%         3
 Gell's Gravitas          Tloc           0%         N/A       65%         3
 Teleport Other           Tloc           0%         N/A       65%         3
 Dispel Undead            Necr           0%         3d6       96%         4
 Death Channel            Necr           0%         N/A       100%        6

Inventory:

Hand Weapons
 a - a +2 vampiric glaive (weapon)
 b - a +1 demon trident of flaming
Missiles
 n - 2 throwing nets {=f}
Armour
 k - a +0 pair of gloves (worn)
 z - +0 steam dragon scales (worn)
 A - a +0 pair of boots (worn)
Jewellery
 j - an amulet of guardian spirit
 v - a ring of see invisible (left hand)
 D - the amulet of the Mashing Gods (around neck) {Reflect Fly rElec Dex+3 SH+5}
   (You found it on level 9 of the Dungeon)

   [amulet of reflection]

   Reflect:   It reflects blocked missile attacks.
   Dex+3:     It affects your dexterity (+3).
   rElec:     It insulates you from electricity.
   Fly:       It grants you flight.
   SH+5:      It affects your SH (+5).
 L - a ring of flight
 M - a ring of magical power (right hand)
Wands
 g - a wand of flame (2)
 l - a wand of mindburst (9)
 p - a wand of acid (2)
 C - a wand of digging (9)
 F - a wand of paralysis (8)
 I - a wand of roots (3)
Scrolls
 d - 2 scrolls of enchant weapon
 m - 2 scrolls of fog
 o - 3 scrolls of revelation
 t - 5 scrolls of teleportation {@r2}
 x - 2 scrolls of enchant armour
 y - a scroll of poison
 G - 2 scrolls of vulnerability
 H - a scroll of fear
 K - a scroll of identify {@r1}
Potions
 e - 5 potions of resistance
 f - 2 potions of magic
 h - 2 potions of cancellation
 i - 3 potions of haste {@q3}
 q - 5 potions of brilliance
 r - a potion of mutation
 s - 4 potions of might
 u - 5 potions of curing {@q1}
 w - 2 potions of berserk rage {!q}
 B - a potion of ambrosia
 E - 6 potions of enlightenment
 J - a potion of attraction

Dungeon Overview and Level Annotations

Branches:
Dungeon (10/15)            Temple (1/1) D:4            Lair (2/5) D:10
 Spider (0/4) Lair:2          Orc (0/2) D:9           Sewer (visited)
Ossuary (visited)
  Swamp: Lair:2-3    Shoals: Lair:2-3

Altars:
Ashenzari
Cheibriados
Dithmenos
Elyvilon
Fedhas
Gozag
Hepliaklqana
Kikubaaqudgha
Makhleb
Nemelex Xobeh
Okawaru
Qazlal
Ru
Sif Muna
Trog
Uskayaw
Vehumet
Wu Jian
Xom
Yredelemnul
Zin
The Shining One

Shops:
D:9 (

Annotations:
D:5 3 runed translucent doors, hattop's ghost, novice TrSh

.......#..#######...###P.##
#
....[.##...#.##......#####
......##(.#...(.....##
......##.............##
......##..............#
..##.###..............#
######*#......(......## #
#.......bb....##
#P..b..b.b@...#
#P...>...bZ...# *
*.........b.b...# ,
..##..b...)..##
,..#......Z...#
...!....b.Z..# * #
,##.###...b.##
...#.bb#b...###
.....b°#....######


You could see a black mamba simulacrum (ally target), a tarantella simulacrum
(ally target) and a redback simulacrum (ally target).


Message History

The tarantella simulacrum closely misses your butterfly.
Something bites your butterfly!
Your butterfly dies!
Your butterfly disappears in a burst of colours!
The tarantella simulacrum hits your butterfly!
Your butterfly dies!
Your butterfly disappears in a burst of colours!
The black mamba simulacrum barely misses your butterfly.
The redback simulacrum bites your butterfly.
Your butterfly dies!
Your butterfly disappears in a burst of colours!
The redback simulacrum bites your butterfly!
Your butterfly dies!
Your butterfly disappears in a burst of colours!
The black mamba simulacrum closely misses your butterfly.
The redback simulacrum bites your butterfly.
Your butterfly dies!
Your butterfly disappears in a burst of colours!
You block the black mamba simulacrum's attack.
The tarantella simulacrum closely misses your butterfly.
The black mamba simulacrum attacks as it pursues you!
The black mamba simulacrum bites you!
* * * LOW HITPOINT WARNING * * *
The black mamba simulacrum freezes you!!
* * * LOW HITPOINT WARNING * * *
The black mamba simulacrum bites you.
* * * LOW HITPOINT WARNING * * *
The black mamba simulacrum freezes you!!
You die...
Xom thinks this is hilarious!

Skill      XL: |  1  2  3  4  5  6  7  8  9 10 11 12 13 |
---------------+----------------------------------------+-----
Polearms       | 5 6 8 10 12 14 16 18 19 20 | 20.0
Dodging        | 8 11 14 17 | 17.5
Evocations     | 4 5 |  5.5
Fighting       | 6 7 |  7.1
Armour         | |  0.6

Action                     |  1- 3 |  4- 6 |  7- 9 | 10-12 | 13-15 || total
---------------------------+-------+-------+-------+-------+-------++-------
  Melee: Spear             |   103 |    80 |       |       |       ||   183
         Halberd           |       |    36 |    84 |       |       ||   120
         Glaive            |       |       |   257 |   689 |    86 ||  1032
         Tailslap          |       |       |     6 |       |       ||     6
         Headbutt          |       |       |       |     3 |    19 ||    22
  Evoke: Wand              |       |       |       |     4 |       ||     4
    Use: Scroll            |     4 |     1 |    19 |     6 |     1 ||    31
         Potion            |       |     1 |     1 |     3 |     1 ||     6
   Stab: Sleeping          |     5 |       |    11 |     9 |     2 ||    27
         Paralysed         |       |       |     1 |     9 |       ||    10
         Distracted        |       |       |     3 |     4 |       ||     7
         Confused          |       |       |     2 |    10 |       ||    12
 Armour: Leather armour    |    23 |    61 |   169 |    28 |       ||   281
         Steam dragon scal |       |       |       |   139 |    25 ||   164
  Dodge: Dodged            |    44 |    46 |   188 |   321 |    68 ||   667
  Block: Other             |       |       |    30 |   144 |    37 ||   211
         Reflection        |       |       |       |     2 |       ||     2

Levels and vault maps discovered:
D:1:      eino_arrival_water_cross, layout_rooms,
          chequers_ecumenical_altar_simple_redux, chequers_decorated_corner
D:2:      minmay_diamond_boxcup, layout_basic, serial_glass, glass_columns_b,
          glass_columns_a, glass_columns_c, minmay_strange_pillars,
          minmay_strange_pillars, minmay_strange_pillars
D:3:      layout_basic, fedhas_altar_4, serial_undead, serial_undead_b,
          serial_undead_b, serial_undead_f, serial_undead_c, serial_undead_e,
          gup_sewer_entry_spiral
D:4:      nicolae_cairo_tiling, layout_gridville,
          yredelemnul_forgotten_temple_becter, mainiacjoe_overflow_swirl,
          minmay_temple_entry_glass
D:5:      layout_basic, nicolae_ossuary_entry_monument, gammafunk_ghost_icy,
          uniq_eustachio
D:6:      layout_basic
D:7:      layout_cave_pods, nicolae_uskayaw_dance_studio, minmay_checkerbox,
          uniq_maggie
D:8:      layout_basic, mainiacjoe_overflow_concentric_impassable
D:9:      layout_rooms, mainiacjoe_overflow_six_doors_small, david_orc_3,
          serial_shops, nicolae_diamond_shop
D:10:     layout_basic, led_sif_book, nicolae_hepliaklqana_monster_ancestors,
          cheibrodos_worm_habitat, lair_entry_dummy, special_room
          [special_room_kobold], minmay_rotating_lava
Temple:   chequers_temple_sunken
Lair:1:   layout_hall_layers, beast_lair_carwin_11, infiniplex_staircase_pool
Lair:2:   layout_cave_pods, nicolae_spider_entry_lesser_pyramids, uniq_amaemon

Notes
Turn   | Place    | Note
-------+----------+-------------------------------------------
     0 | D:1      | demibob the Merfolk Chaos Knight began the quest for the
                  | Orb.
     0 | D:1      | Reached XP level 1. HP: 18/18 MP: 1/1
   106 | D:1      | Found a faded altar of an unknown god.
   153 | D:1      | XOM: silly message
   236 | D:1      | XOM: silly message
   450 | D:1      | Identified 4 potions of resistance
   473 | D:2      | XOM: stealth player
   516 | D:2      | Reached XP level 2. HP: 24/24 MP: 2/2
   528 | D:2      | Reached skill level 5 in Polearms
   601 | D:2      | XOM: divination: magic mapping
   704 | D:2      | Reached XP level 3. HP: 29/29 MP: 3/3
   790 | D:2      | XOM: silly message
   899 | D:2      | Reached skill level 6 in Polearms
  1013 | D:2      | Reached XP level 4. HP: 35/35 MP: 4/4
  1085 | D:2      | XOM: noise
  1180 | D:2      | You fall into a shaft and drop 2 floors!
  1254 | D:4      | Found a basalt altar of Yredelemnul.
  1270 | D:4      | Found a staircase to the Ecumenical Temple.
  1274 | D:4      | XOM: enchant monster (bad)
  1282 | D:4      | Noticed a steam dragon
  1284 | D:4      | XOM: confuse monster(s)
  1288 | D:4      | Killed a steam dragon
  1289 | D:4      | Reached skill level 8 in Polearms
  1289 | D:4      | Reached XP level 5. HP: 8/41 MP: 5/5
  1292 | D:4      | XOM: divination: magic mapping
  1296 | D:4      | Reached XP level 6. HP: 10/47 MP: 6/6
  1299 | Temple   | Entered the Ecumenical Temple
  1481 | D:4      | Found an iron altar of Okawaru.
  1490 | D:4      | Found a shimmering altar of Xom.
  1614 | D:4      | Reached skill level 9 in Polearms
  1626 | D:4      | XOM: give mutations
  1626 | D:4      | Gained mutation: You occasionally shout uncontrollably at
                  | your foes. [Xom's mischief]
  1626 | D:4      | Gained mutation: Your magical capacity is low. (-10% MP)
                  | [Xom's mischief]
  1626 | D:4      | Gained mutation: Your system is resistant to poisons.
                  | (rPois) [Xom's mischief]
  1644 | D:4      | XOM: butterfly on damage
  1897 | D:4      | XOM: 2-stop teleportation journey
  1955 | D:3      | Reached skill level 10 in Polearms
  2058 | D:3      | XOM: enchant monster (good)
  2059 | D:3      | Reached XP level 7. HP: 52/52 MP: 6/6
  2167 | D:3      | Found a glowing drain.
  2171 | Sewer    | Entered a sewer
  2251 | Sewer    | Noticed Pargi
  2263 | Sewer    | XOM: noise
  2277 | Sewer    | Killed Pargi
  2482 | D:3      | XOM: give mutations
  2482 | D:3      | Gained mutation: You are resistant to electric shocks.
                  | (rElec) [Xom's grace]
  2482 | D:3      | Gained mutation: You have a somewhat thin skeletal
                  | structure. (Dex +2, Stealth+) [Xom's grace]
  2482 | D:3      | Gained mutation: You are partially covered in large bone
                  | plates. (SH +4) [Xom's grace]
  2482 | D:3      | Gained mutation: Your muscles are strong. (Str +4, Int/Dex
                  | -1) [Xom's grace]
  2493 | D:3      | Identified the +6 dagger of Anguish {venom, Will+}
  2764 | D:3      | Found a blossoming altar of Fedhas.
  2831 | D:3      | Identified a scroll of acquirement
  2831 | D:3      | Acquired a +2 vampiric glaive
  2899 | D:4      | Reached skill level 11 in Polearms
  3187 | D:4      | XOM: cloud trail
  3347 | D:5      | Entered Level 5 of the Dungeon
  3347 | D:5      | Noticed Eustachio
  3347 | D:5      | Found a sand-covered staircase.
  3381 | D:5      | Killed Eustachio
  3387 | Ossuary  | Entered an ossuary
  3396 | Ossuary  | XOM: cast spell 'Chain of Chaos'
  3403 | Ossuary  | Reached skill level 12 in Polearms
  3403 | Ossuary  | Reached XP level 8. HP: 35/58 MP: 7/7
  3404 | Ossuary  | XOM: summons friendly white imp
  3451 | Ossuary  | XOM: give mutation
  3451 | Ossuary  | Gained mutation: Armour fits poorly on your strangely
                  | shaped body. [Xom's mischief]
  3520 | Ossuary  | XOM: confusion (+ monsters)
  3705 | Ossuary  | Reached skill level 13 in Polearms
  3723 | Ossuary  | XOM: butterfly on damage
  4201 | D:5      | Reached skill level 14 in Polearms
  4497 | D:5      | Reached XP level 9. HP: 64/64 MP: 8/8
  4571 | D:5      | Reached skill level 3 in Dodging
  4690 | D:5      | Noticed hattop's ghost (novice TrSh)
  4717 | D:5      | Found a runed translucent gate.
  4717 | D:5      | Found a runed translucent gate.
  4717 | D:5      | Found a runed translucent gate.
  4774 | D:5      | XOM: scenery: create altars
  5010 | D:6      | XOM: 2-stop teleportation journey
  5052 | D:6      | XOM: 7-stop teleportation journey
  5110 | D:6      | Reached skill level 4 in Dodging
  5118 | D:6      | Reached skill level 15 in Polearms
  5173 | D:6      | XOM: 3-stop teleportation journey
  5182 | D:6      | XOM: summons friendly shadow imp
  5193 | D:6      | Reached skill level 5 in Dodging
  5280 | D:6      | XOM: polymorph shadow imp -> quasit
  5859 | D:6      | XOM: god gift: staff of poison
  6161 | D:6      | XOM: god gift: 5 stones
  6192 | D:7      | Noticed Maggie
  6200 | D:7      | XOM: summons friendly white imp
  6206 | D:7      | Killed Maggie
  6207 | D:7      | Reached skill level 6 in Dodging
  6240 | D:7      | XOM: polymorph white imp -> quasit
  6481 | D:7      | Reached skill level 7 in Dodging
  6573 | D:7      | XOM: confuse monster(s)
  6574 | D:7      | Reached skill level 16 in Polearms
  6645 | D:7      | XOM: polymorph yak -> shapeshifter
  6646 | D:7      | a shapeshifter changed into a meliai
  6646 | D:7      | Noticed a meliai (shapeshifter)
  6647 | D:7      | a meliai changed into a wind drake
  6647 | D:7      | Noticed a wind drake (shapeshifter)
  6657 | D:7      | Reached skill level 8 in Dodging
  6657 | D:7      | Reached XP level 10. HP: 70/70 MP: 9/9
  6661 | D:7      | XOM: summons 4 friendly demons
  6667 | D:7      | XOM: confusion (+ monsters)
  6679 | D:7      | Reached skill level 9 in Dodging
  6708 | D:7      | Found a hide-covered altar of Uskayaw.
  6949 | D:7      | XOM: summons 2 hostile shadow creatures
  7438 | D:8      | XOM: summons 1 hostile demon
  7472 | D:8      | Reached skill level 17 in Polearms
  7641 | D:8      | Found a white marble altar of Elyvilon.
  7839 | D:8      | Reached skill level 10 in Dodging
  8021 | D:8      | XOM: noise
  8592 | D:9      | Found Nefarhoj's Antique Weapon Emporium.
  8631 | D:9      | XOM: blink monster(s)
  8692 | D:9      | XOM: confuse monster(s)
  8855 | D:9      | Found an ornate altar of the Wu Jian Council.
  8982 | D:9      | Identified the amulet of the Mashing Gods {Reflect Fly
                  | rElec Dex+3 SH+5}
  8989 | D:9      | Found a staircase to the Orcish Mines.
  9022 | D:9      | Reached skill level 11 in Dodging
  9063 | D:9      | XOM: give mutations
  9063 | D:9      | Gained mutation: You are partially covered in iridescent
                  | scales. (AC +2) [Xom's grace]
  9063 | D:9      | Gained mutation: You are robust. (+10% HP) [Xom's grace]
  9133 | D:9      | XOM: give mutations
  9133 | D:9      | Gained mutation: You are mostly covered in large bone
                  | plates. (SH +6) [Xom's grace]
  9133 | D:9      | Gained mutation: You passively map a small area around you.
                  | [Xom's grace]
  9133 | D:9      | Gained mutation: You possess an exceptional clarity of
                  | mind. [Xom's grace]
  9193 | D:10     | Entered Level 10 of the Dungeon
  9282 | D:10     | Noticed a two-headed ogre
  9283 | D:10     | a two-headed ogre changed into a manticore
  9283 | D:10     | Noticed a manticore
  9283 | D:10     | XOM: polymorph two-headed ogre -> manticore
  9284 | D:10     | XOM: confuse monster(s)
  9294 | D:10     | XOM: confuse monster(s)
  9297 | D:10     | Killed a manticore
  9298 | D:10     | Reached skill level 18 in Polearms
  9298 | D:10     | Reached XP level 11. HP: 82/82 MP: 9/9
  9314 | D:10     | XOM: destruction
  9334 | D:10     | Reached skill level 12 in Dodging
  9359 | D:10     | XOM: divination: detect items
  9419 | D:10     | Found a hazy altar of Hepliaklqana.
  9447 | D:10     | Found a shimmering blue altar of Sif Muna.
  9470 | D:10     | Got an antique book
  9504 | D:10     | Found a staircase to the Lair.
  9504 | D:10     | XOM: enchant monster (good)
  9511 | D:10     | XOM: polymorph gnoll sergeant -> warg
  9515 | D:10     | XOM: cast spell 'Discord'
  9664 | D:10     | Found a snail-covered altar of Cheibriados.
  9737 | D:10     | Noticed a two-headed ogre
  9742 | D:10     | Killed a two-headed ogre
  9802 | D:10     | XOM: scenery: 1 doors open
  9832 | D:10     | Reached skill level 13 in Dodging
  9864 | D:10     | Reached skill level 19 in Polearms
  9916 | D:10     | Noticed a two-headed ogre
  9929 | D:10     | Killed a two-headed ogre
 10073 | D:10     | Noticed a hell knight
 10082 | D:10     | Killed a hell knight
 10107 | D:10     | Noticed a necromancer
 10217 | D:10     | Noticed a necromancer
 10223 | D:10     | Killed a necromancer
 10223 | D:10     | Noticed a hell knight
 10224 | D:10     | Reached skill level 14 in Dodging
 10375 | D:10     | Noticed a hell knight
 10379 | D:10     | Noticed a hell knight
 10381 | D:10     | Killed a hell knight
 10382 | D:10     | Reached XP level 12. HP: 68/89 MP: 10/10
 10388 | D:10     | Noticed a hell knight
 10389 | D:10     | XOM: cast spell 'Chain of Chaos'
 10393 | D:10     | Killed a hell knight
 10396 | D:10     | XOM: chaos upgrade
 10399 | D:10     | Killed a hell knight
 10400 | D:10     | Reached skill level 20 in Polearms
 10405 | D:10     | XOM: scenery: summon butterflies
 10408 | D:10     | XOM: butterfly on damage
 10415 | D:10     | Killed a hell knight
 10416 | D:10     | Reached skill level 15 in Dodging
 10435 | D:10     | XOM: silly message
 10515 | D:10     | Noticed a hell knight
 10521 | D:10     | XOM: chaos upgrade
 10526 | D:10     | Killed a hell knight
 10668 | Lair:1   | Entered Level 1 of the Lair of Beasts
 10683 | Lair:1   | XOM: summons 2 friendly demons
 10687 | Lair:1   | Reached skill level 16 in Dodging
 10693 | Lair:1   | XOM: polymorph white imp -> cerulean imp
 10704 | Lair:1   | XOM: confuse monster(s)
 10706 | Lair:1   | XOM: potion effect (haste)
 10713 | Lair:1   | Reached skill level 1 in Evocations
 10771 | Lair:1   | Reached skill level 4 in Fighting
 10819 | Lair:1   | Reached skill level 2 in Evocations
 11065 | Lair:1   | Reached skill level 3 in Evocations
 11079 | Lair:1   | XOM: divination: detect creatures
 11087 | Lair:1   | Reached skill level 5 in Fighting
 11089 | Lair:1   | XOM: confuse monster(s)
 11205 | Lair:1   | XOM: scenery: summon butterflies
 11221 | Lair:1   | HP: 6/94 [cane toad (15)]
 11280 | Lair:1   | XOM: scenery: create altars
 11447 | Lair:1   | Reached skill level 4 in Evocations
 11602 | Lair:1   | XOM: give mutations
 11602 | Lair:1   | Gained mutation: You have a pair of small horns on your
                  | head. [Xom's grace]
 11602 | Lair:1   | Gained mutation: You have a pair of horns on your head.
                  | [Xom's grace]
 11602 | Lair:1   | Gained mutation: Your mind is acute. (Int +4, Str/Dex -1)
                  | [Xom's grace]
 11602 | Lair:1   | Gained mutation: You are somewhat resistant to further
                  | mutation. [Xom's grace]
 11654 | Lair:1   | XOM: god gift: 63 gold pieces
 11711 | Lair:2   | XOM: god gift: book of Touch
 11746 | Lair:2   | Noticed Amaemon
 11893 | Lair:2   | Killed Amaemon
 11894 | Lair:2   | Reached skill level 6 in Fighting
 11894 | Lair:2   | Reached skill level 17 in Dodging
 11894 | Lair:2   | Reached XP level 13. HP: 99/102 MP: 11/11
 11925 | Lair:2   | XOM: god gift: runed malachite amulet {god gift}
 12162 | Lair:2   | Reached skill level 5 in Evocations
 12177 | Lair:2   | XOM: scenery: summon butterflies
 12242 | Lair:2   | Found a hole to the Spider Nest.
 12251 | Lair:2   | Reached skill level 7 in Fighting
 12252 | Lair:2   | XOM: enchant monster (bad)
 12254 | Lair:2   | XOM: cast spell 'Cause Fear'
 12261 | Lair:2   | XOM: noise
 12277 | Lair:2   | HP: 10/105 [black mamba simulacrum (1)]
 12277 | Lair:2   | Mangled by a black mamba simulacrum

Vanquished Creatures
  2 two-headed ogres (D:10)
  Amaemon (Lair:2)
  6 hell knights (D:10)
  A skyshark (Lair:2)
  A pharaoh ant (Lair:2)
  2 necromancers (D:10)
  A manticore (D:10)
  A black mamba (Lair:2)
  An orange demon (Lair:2)
  Maggie (D:7)
  5 cane toads
  A rime drake (Lair:2)
  An unseen horror (D:10)
  A kobold demonologist (D:10)
  6 komodo dragons
  A troll (D:10)
  2 polar bears (Lair:1)
  A wind drake (shapeshifter) (D:7)
  2 tarantellas (Lair:2)
  3 blink frogs (Lair:2)
  A wraith (D:10)
  8 wyverns
  31 yaks
  2 steam dragons
  Eustachio (D:5)
  2 redbacks (Lair:2)
  A warg (D:10)
  7 hell hounds (D:10)
  3 water moccasins
  Pargi (Sewer)
  3 ice beasts
  3 orc warriors
  2 sky beasts (D:8)
  An ogre (D:5)
  3 centaurs
  13 kobold brigands
  2 phantoms
  A gnoll sergeant (D:9)
  3 bullfrogs
  4 scorpions
  9 wights
  5 howler monkeys
  9 electric eels
  2 bullfrog zombies (Ossuary)
  A centaur zombie (Ossuary)
  3 hounds
  2 jellies
  9 orc priests
  A gnoll bouda (D:4)
  3 iguanas
  A sleepcap (D:4)
  21 mummies (Ossuary)
  8 orc wizards
  2 killer bee zombies (Ossuary)
  A howler monkey zombie (Ossuary)
  9 gnolls
  8 adders
  A white imp (D:5)
  An ufetubus (D:7)
  An adder zombie (D:3)
  3 adder skeletons (D:3)
  2 worms
  6 dart slugs
  15 orcs
  5 bats
  6 endoplasms
  9 giant cockroaches
  3 goblins
  10 hobgoblins
  3 jackals (D:2)
  25 kobolds
  4 quokkas
  15 ball pythons
  7 frilled lizards
  A jackal skeleton (D:3)
  2 quokka zombies (D:3)
  6 rats
  A spectral hobgoblin (D:10)
  A spectral orc (D:4)
353 creatures vanquished.

Vanquished Creatures (collateral kills)
  A cane toad (Lair:1)
  An orc warrior (D:6)
  A wight (D:7)
  An orc wizard (D:10)
  4 gnolls (D:10)
  2 orcs (D:10)
10 creatures vanquished.

Grand Total: 363 creatures vanquished

Table legend: (Time is in decaauts)
 A = Elapsed time spent in this place.
 B = Non-inter-level travel time spent in this place.
 C = Inter-level travel time spent in this place.
 D = Time resting spent in this place.
 E = Time spent auto-exploring this place.
 F = Levels seen in this place.
 G = Mean time per level.
                   A        B        C        D        E       F      G
               +--------+--------+--------+--------+--------+-----+--------+
         Total |  11851 |  11402 |    449 |   1105 |   7980 |  15 |  790.1 |
       Dungeon |   9298 |   8881 |    417 |    586 |   6611 |  10 |  929.8 |
        Temple |    261 |    259 |      2 |    238 |      0 |   1 |  261.0 |
          Lair |   1509 |   1479 |     30 |    116 |   1014 |   2 |  754.5 |
         Sewer |    199 |    199 |      0 |      0 |    124 |   1 |  199.0 |
       Ossuary |    582 |    582 |      0 |    165 |    229 |   1 |  582.0 |
               +--------+--------+--------+--------+--------+-----+--------+

Top non-repeatable levels by time:
    D:10: 1353 daAuts
     D:7: 1260 daAuts
     D:4: 1178 daAuts
     D:6: 1155 daAuts
     D:8: 1134 daAuts
  Lair:1: 930 daAuts
     D:5: 822 daAuts
     D:2: 812 daAuts
     D:9: 594 daAuts
 Ossuary: 582 daAuts
  Lair:2: 578 daAuts
     D:3: 514 daAuts
     D:1: 471 daAuts
  Temple: 261 daAuts
   Sewer: 199 daAuts

Table legend:
 A = Non-vault XP
 B = Vault XP
 C = Vault XP percentage of total XP
 D = Non-vault monster count
 E = Vault monster count
 F = Vault count percentage of total count
                 A         B        C        D         E       F
            +---------+---------+-------+---------+---------+-------
      Total |   23653 |   14518 |  38.0 |     237 |     126 |  34.7
            +---------+---------+-------+---------+---------+-------
        D:1 |       9 |       0 |   0.0 |       6 |       0 |   0.0
        D:2 |      75 |      11 |  12.8 |      27 |       8 |  22.9
        D:3 |      20 |      36 |  64.3 |      13 |      14 |  51.9
        D:4 |     529 |       1 |   0.2 |      21 |       1 |   4.5
        D:5 |     740 |     185 |  20.0 |      14 |       1 |   6.7
        D:6 |     597 |       0 |   0.0 |      12 |       0 |   0.0
        D:7 |    2258 |     681 |  23.2 |      24 |      12 |  33.3
        D:8 |    1213 |       0 |   0.0 |      17 |       0 |   0.0
        D:9 |    1219 |     142 |  10.4 |      24 |       4 |  14.3
       D:10 |    5293 |    8529 |  61.7 |      32 |      37 |  53.6
     Temple |      16 |       0 |   0.0 |       2 |       0 |   0.0
     Lair:1 |    7516 |    1091 |  12.7 |      32 |       3 |   8.6
     Lair:2 |    4168 |    2850 |  40.6 |      13 |       7 |  35.0
      Sewer |       0 |     186 | 100.0 |       0 |      12 | 100.0
    Ossuary |       0 |     806 | 100.0 |       0 |      27 | 100.0
            +---------+---------+-------+---------+---------+-------
